 Dungeon Crawl Stone Soup version 0.29.0-4-gdea44cf6ec (webtiles) character file.

Game seed: 12489562076989696085

1900 qw the Cleaver (level 9, 0/55 HPs)
             Began as a Gargoyle Fighter on Sept 6, 2022.
             Engulfed by a steam dragon's steam (9 damage)
             ... on level 6 of the Dungeon.
             The game lasted 00:02:10 (5291 turns).

qw the Cleaver (Gargoyle Fighter)                   Turns: 5291, Time: 00:02:11

Health: 0/55       AC: 23    Str: 24    XL:     9   Next: 15%
Magic:  18/18      EV:  7    Int:  9    God:
Gold:   423        SH:  4    Dex:  9    Spells: 8/8 levels left

rFire   . . .      SeeInvis +   m - +9 war axe of the Moon {vorpal, *Slow Will+ MP+9 SInv}
rCold   . . .      Faith    .   c - +0 buckler
rNeg    + + .      Spirit   .   q - +0 plate armour
rPois   inf        Reflect  .   g - +0 helmet
rElec   +          Harm     .   (no cloak)
rCorr   .          Rampage  .   f - +0 pair of gloves
Will    +....                   e - +0 pair of boots
Stlth   ..........              t - amulet of the acrobat
HPRegen 0.18/turn               h - ring of positive energy
MPRegen 0.16/turn               (no ring)

@: about to teleport, slowed, very slow
A: sickness immunity, AC +6, negative energy resistance 1, electricity
resistance, torment resistance 1, petrification resistance
a: no special abilities


You were on level 6 of the Dungeon.
You visited 1 branch of the dungeon, and saw 6 of its levels.

You collected 423 gold pieces.


Innate Abilities, Weirdness & Mutations

You are immune to sickness and miasma.
Your stone body is resilient. (AC +6)
You are immune to poison.
You resist negative energy. (rN+)
You are resistant to electric shocks. (rElec)
You are resistant to unholy torment.
You are immune to petrification.


   Skills:
 - Level 6.1 Fighting
 + Level 8.7 Axes
 - Level 6.2 Armour
 - Level 1.3 Dodging
 - Level 3.2 Shields


You had 8 spell levels left.
You didn't know any spells.
Your spell library was empty.

Inventory:

Hand Weapons
 m - the +9 war axe of the Moon (weapon) {vorpal, *Slow Will+ MP+9 SInv}
   (You found it on level 2 of the Dungeon)

   It inflicts extra damage upon your enemies.
   MP:        It affects your magic capacity (+9).
   SInv:      It lets you see invisible.
   *Slow:     It may slow you when you take damage.
   Will:      It increases your willpower.
 o - a +0 flail
Armour
 c - a +0 buckler (worn)
 e - a +0 pair of boots (worn)
 f - a +0 pair of gloves (worn)
 g - a +0 helmet (worn)
 q - a +0 plate armour (worn)
Jewellery
 h - a ring of positive energy (left hand)
 t - an amulet of the acrobat (around neck)
Scrolls
 a - 4 scrolls of teleportation
 k - a scroll of noise {unknown}
 l - 2 scrolls of identify
 v - a scroll of fog
Potions
 b - a potion of heal wounds
 d - a potion of might
 i - 3 potions of mutation
 j - 2 potions of curing
 n - 2 potions of attraction

Dungeon Overview and Level Annotations

Branches:
Dungeon (6/15)
 Temple: D:4-7

Altars:
Cheibriados
Vehumet
Wu Jian

Annotations:
D:2 1 runed translucent door, Crazy Yiuf


Message History

You slash the centaur!
You kill the centaur!
Maggie hits you with a +0 long sword of draining!
You feel yourself slow down. Maggie hits you but does no damage.
Your Armour skill increases to level 6!
You closely miss Maggie.
Maggie is almost dead.
Maggie barely misses you.
You slash Maggie!
Maggie is almost dead.
You slash the steam dragon!
Maggie gestures wildly while chanting.
Maggie draws you further into her thrall.
The steam dragon bites you but does no damage.
The steam dragon claws you but does no damage.
You block Maggie's attack.
The steam dragon bites you but does no damage.
The steam dragon claws you but does no damage.
You slash Maggie!
You break out of your daze!
You kill Maggie!
You completely miss the steam dragon. The steam dragon breathes steam at you.
The ball of steam hits you but does no damage.
You hear a shout!
You have reached level 9!
Your experience leads to an increase in your attributes!
Increase (S)trength, (I)ntelligence, or (D)exterity?
You feel stronger. x2
You slash the steam dragon!
The steam dragon is almost dead.
You are engulfed in a cloud of scalding steam.
The steam dragon bites you. The steam dragon claws you.
The steam dragon breathes steam at you. The ball of steam hits you!!
5291 ||| READING 5 scrolls of teleportation.
As you read the scroll of teleportation, it crumbles to dust.
You feel strangely unstable.
You are engulfed in a cloud of scalding steam.
You die...

.#..<. .######## .#####
.!......# .#....
........# ######.#.###
........# #......#.# #
..$.....# #.##...#.###
........# #.##..##.#.#
......D.#####.##.......#
......)@....)...>)...#.#
......).########.##.....
........# #.........
........# #..##.#..<
........# #..##.#.##
........# #..##.#..
......### #..##.#.##
...... #..##.#.#
#.......#.


You could see a steam dragon (catching breath).

Vanquished Creatures
  Maggie (D:6)
  Grinder (D:6)
  Sigmund (D:4)
  2 black bears
  2 ogres
  A centaur (D:6)
  3 scorpions
  A bullfrog (D:4)
  A necrophage (D:3)
  3 hounds
  2 orc priests (D:4)
  3 iguanas
  Jessica (D:2)
  3 orc wizards
  Robin (D:2)
  8 gnolls
  5 adders
  A dart slug (D:5)
  7 orcs
  8 bats
  6 endoplasms
  4 hobgoblins
  12 jackals
  3 quokkas
  4 ball pythons
  2 frilled lizards
  7 goblins
  5 kobolds
  5 rats
103 creatures vanquished.

Vanquished Creatures (others)
  3 plants
3 creatures vanquished.

Grand Total: 106 creatures vanquished

Notes
Turn   | Place    | Note
-------+----------+-------------------------------------------
     0 | D:1      | qw the Gargoyle Fighter began the quest for the Orb.
     0 | D:1      | Reached XP level 1. HP: 14/14 MP: 1/1
     0 | D:1      | 0 ||| qw: Version: 0.1-a-107-g9ff403c
     0 | D:1      | 0 ||| qw: Game counter: 6126
     0 | D:1      | 0 ||| qw: Always use a shield: true
     0 | D:1      | 0 ||| qw: God list: Okawaru
     0 | D:1      | 0 ||| qw: Allow faded altars: false
     0 | D:1      | 0 ||| qw: Do Orc after D:15 true
     0 | D:1      | 0 ||| qw: Do second Lair branch before Depths: true
     0 | D:1      | 0 ||| qw: Lair rune preference: random
     0 | D:1      | 0 ||| qw: Plans: Normal, Zot, God:TSO, Crypt, Tomb, Zig,
                  | Orb
     0 | D:1      | 0 ||| PLANNING D:1-11
    30 | D:1      | Reached skill level 2 in Axes
   186 | D:1      | Reached XP level 2. HP: 17/19 MP: 2/2
   217 | D:1      | Found a faded altar of an unknown god.
   763 | D:1      | 763 ||| Stepping ~*~*~tactically~*~*~ (stealth).
   764 | D:1      | 764 ||| Stepping ~*~*~tactically~*~*~ (stealth).
   765 | D:1      | 765 ||| Stepping ~*~*~tactically~*~*~ (stealth).
   766 | D:1      | 766 ||| Stepping ~*~*~tactically~*~*~ (stealth).
   774 | D:1      | 774 ||| Stepping ~*~*~tactically~*~*~ (stealth).
   775 | D:1      | 775 ||| Stepping ~*~*~tactically~*~*~ (stealth).
   776 | D:1      | 776 ||| Stepping ~*~*~tactically~*~*~ (stealth).
   777 | D:1      | 777 ||| Stepping ~*~*~tactically~*~*~ (stealth).
  1089 | D:1      | 1089 ||| UPGRADING to +0 pair of boots.
  1094 | D:1      | 1094 ||| UPGRADING to ring of positive energy.
  1095 | D:1      | 1095 ||| READING 3 scrolls labelled VAOBE UNUIQUDU.
  1100 | D:1      | 1100 ||| READING scroll labelled DIJI LAOCZU.
  1211 | D:2      | Noticed Jessica
  1212 | D:2      | 1212 ||| Stepping ~*~*~tactically~*~*~ (hiding).
  1213 | D:2      | 1213 ||| Stepping ~*~*~tactically~*~*~ (hiding).
  1222 | D:2      | Killed Jessica
  1223 | D:2      | Reached skill level 3 in Axes
  1223 | D:2      | Reached XP level 3. HP: 15/23 MP: 3/3
  1236 | D:2      | 1236 ||| Stepping ~*~*~tactically~*~*~ (stealth).
  1237 | D:2      | 1237 ||| Stepping ~*~*~tactically~*~*~ (stealth).
  1511 | D:2      | 1511 ||| Stepping ~*~*~tactically~*~*~ (stealth).
  1610 | D:2      | Reached XP level 4. HP: 28/28 MP: 4/4
  1633 | D:2      | 1633 ||| DROPPING +0 whip.
  1634 | D:2      | Found a runed translucent door.
  1635 | D:2      | Noticed Crazy Yiuf
  1666 | D:2      | Reached skill level 4 in Axes
  1668 | D:2      | Noticed Robin
  1669 | D:2      | 1669 ||| FLEEEEING.
  1670 | D:2      | 1670 ||| FLEEEEING.
  1671 | D:2      | 1671 ||| FLEEEEING.
  1675 | D:2      | 1675 ||| FLEEEEING.
  1676 | D:2      | 1676 ||| FLEEEEING.
  1677 | D:2      | 1677 ||| FLEEEEING.
  1678 | D:2      | 1678 ||| FLEEEEING.
  1679 | D:2      | 1679 ||| FLEEEEING.
  1680 | D:2      | 1680 ||| FLEEEEING.
  1681 | D:2      | 1681 ||| FLEEEEING.
  1688 | D:2      | Killed Robin
  1822 | D:2      | Identified the +9 war axe of the Moon {vorpal, *Slow Will+
                  | MP+9 SInv}
  1824 | D:2      | 1824 ||| SWAPPING to +9 war axe of the Moon {vorpal, *Slow
                  | Will+ MP+9 SInv}.
  1825 | D:2      | 1825 ||| DROPPING +0 war axe.
  2062 | D:2      | 2062 ||| Stepping ~*~*~tactically~*~*~ (stealth).
  2386 | D:2      | 2386 ||| UPGRADING to +0 helmet.
  2391 | D:2      | 2391 ||| READING 3 scrolls labelled SIAHUKHLOLAVE.
  2392 | D:2      | 2392 ||| READING scroll labelled BIM OSENEHO.
  2393 | D:2      | 2393 ||| READING 2 scrolls of identify.
  2393 | D:2      | 2393 ||| IDENTIFYING green potion
  2430 | D:3      | 2430 ||| Stepping ~*~*~tactically~*~*~ (stealth).
  2699 | D:3      | You fall into a shaft and drop 2 floors!
  2699 | D:5      | Entered Level 5 of the Dungeon
  2700 | D:5      | 2700 ||| UPGRADING to +0 pair of gloves.
  2705 | D:5      | 2705 ||| UPGRADING to +0 plate armour.
  2715 | D:5      | 2715 ||| DROPPING +0 scale mail.
  2716 | D:5      | 2716 ||| READING scroll labelled INWOD XIAD.
  2717 | D:5      | 2717 ||| READING scroll labelled AFA BENOUKHU.
  2735 | D:4      | Reached XP level 5. HP: 27/32 MP: 5/5
  2736 | D:4      | 2736 ||| Stepping ~*~*~tactically~*~*~ (stealth).
  2825 | D:3      | Reached skill level 5 in Axes
  2979 | D:3      | 2979 ||| Stepping ~*~*~tactically~*~*~ (stealth).
  2989 | D:3      | Reached XP level 6. HP: 25/37 MP: 6/6
  3132 | D:3      | 3132 ||| DROPPING +0 hammer of protection.
  3280 | D:3      | 3280 ||| DRINKING 2 fuming inky potions.
  3487 | D:4      | 3487 ||| FLEEEEING.
  3488 | D:4      | 3488 ||| FLEEEEING.
  3489 | D:4      | 3489 ||| FLEEEEING.
  3508 | D:4      | 3508 ||| Stepping ~*~*~tactically~*~*~ (stealth).
  3794 | D:4      | 3794 ||| Stepping ~*~*~tactically~*~*~ (hiding).
  3802 | D:4      | Reached skill level 6 in Axes
  3804 | D:4      | 3804 ||| Stepping ~*~*~tactically~*~*~ (hiding).
  3807 | D:4      | Noticed Sigmund
  3817 | D:4      | Killed Sigmund
  3818 | D:4      | Reached XP level 7. HP: 29/43 MP: 7/7
  3822 | D:4      | 3822 ||| Stepping ~*~*~tactically~*~*~ (stealth).
  4071 | D:4      | Found a snail-covered altar of Cheibriados.
  4113 | D:4      | 4113 ||| Stepping ~*~*~tactically~*~*~ (hiding).
  4114 | D:4      | 4114 ||| Stepping ~*~*~tactically~*~*~ (hiding).
  4395 | D:4      | 4395 ||| READING 2 scrolls labelled RAECKOEFEHI.
  4396 | D:4      | 4396 ||| READING scroll labelled SOONLUUNIU.
  4416 | D:5      | Found a radiant altar of Vehumet.
  4528 | D:5      | Reached skill level 7 in Axes
  4552 | D:5      | Reached XP level 8. HP: 48/48 MP: 8/8
  4604 | D:5      | 4604 ||| Stepping ~*~*~tactically~*~*~ (stealth).
  5026 | D:5      | 5026 ||| Stepping ~*~*~tactically~*~*~ (hiding).
  5027 | D:5      | 5027 ||| Stepping ~*~*~tactically~*~*~ (hiding).
  5050 | D:5      | 5050 ||| UPGRADING to amulet of the acrobat.
  5055 | D:5      | 5055 ||| DRINKING 2 white potions.
  5056 | D:5      | 5056 ||| READING 7 scrolls of identify.
  5056 | D:5      | 5056 ||| IDENTIFYING bubbling sapphire potion
  5057 | D:5      | 5057 ||| READING 6 scrolls of identify.
  5057 | D:5      | 5057 ||| IDENTIFYING sedimented pink potion
  5058 | D:5      | 5058 ||| READING 5 scrolls of identify.
  5058 | D:5      | 5058 ||| IDENTIFYING pink potion
  5059 | D:5      | 5059 ||| READING 4 scrolls of identify.
  5059 | D:5      | 5059 ||| IDENTIFYING amethyst potion
  5060 | D:5      | 5060 ||| READING 3 scrolls of identify.
  5060 | D:5      | 5060 ||| IDENTIFYING viscous orange potion
  5061 | D:5      | 5061 ||| READING 2 scrolls of identify.
  5061 | D:5      | 5061 ||| IDENTIFYING dark potion
  5062 | D:5      | 5062 ||| DROPPING potion of degeneration.
  5063 | D:5      | 5063 ||| DROPPING potion of magic.
  5064 | D:5      | 5064 ||| DROPPING potion of invisibility.
  5065 | D:5      | 5065 ||| DROPPING potion of brilliance.
  5066 | D:5      | 5066 ||| DROPPING potion of flight.
  5109 | D:6      | Reached skill level 1 in Dodging
  5132 | D:6      | Found an ornate altar of the Wu Jian Council.
  5139 | D:6      | Noticed Grinder
  5140 | D:6      | 5140 ||| Stepping ~*~*~tactically~*~*~ (hiding).
  5149 | D:6      | Killed Grinder
  5150 | D:6      | Reached skill level 8 in Axes
  5170 | D:6      | 5170 ||| Stepping ~*~*~tactically~*~*~ (hiding).
  5179 | D:6      | 5179 ||| Stepping ~*~*~tactically~*~*~ (hiding).
  5251 | D:6      | Reached skill level 6 in Fighting
  5258 | D:6      | 5258 ||| Stepping ~*~*~tactically~*~*~ (stealth).
  5274 | D:6      | Noticed Maggie
  5287 | D:6      | Reached skill level 6 in Armour
  5289 | D:6      | Killed Maggie
  5290 | D:6      | Reached XP level 9. HP: 37/55 MP: 9/9
  5290 | D:6      | HP: 9/55 [steam dragon/ball of steam (21)]
  5291 | D:6      | 5291 ||| READING 5 scrolls of teleportation.
  5291 | D:6      | Engulfed by a steam dragon's steam

Levels and vault maps discovered:
D:1:      psy_arrival_heroes, layout_rooms, serial_forest,
          infiniplex_forest_straight_4, infiniplex_forest_clump_diagonal,
          infiniplex_forest_lined_2, infiniplex_forest_end_3,
          infiniplex_forest_zigzag_1, infiniplex_forest_lined_2,
          infiniplex_forest_clump_C, hellmonk_ecumenical_altar_run_dry,
          minmay_tetromino_t2
D:2:      layout_basic, uniq_crazy_yiuf_cottage, uniq_robin, uniq_jessica
D:3:      layout_loops_cross, serial_bayou_pond_d
D:4:      layout_loops_ring, kennysheep_mini, grunt_ministairs_4, uniq_sigmund
D:5:      layout_basic, nicolae_vehumet_radiance
D:6:      layout_basic, mainiacjoe_overflow_tiny_flanked, uniq_grinder,
          uniq_maggie, uniq_edmund

Skill      XL: |  1  2  3  4  5  6  7  8 |
---------------+-------------------------+-----
Axes           | 2 3 4 5 6 7 8 |  8.7
Fighting       | 4 6 |  6.1
Armour         | 4 6 |  6.2
Dodging        | 1 |  1.3
Shields        | |  3.2

Action                   |  1- 3 |  4- 6 |  7- 9 || total
-------------------------+-------+-------+-------++-------
Melee: War axe           |    97 |    98 |    86 ||   281
  Use: Scroll            |     2 |     5 |     9 ||    16
       Potion            |       |     1 |     1 ||     2
Armor: Scale mail        |    53 |    30 |       ||    83
       Plate armour      |       |    36 |    56 ||    92
Dodge: Dodged            |    56 |    31 |    25 ||   112
Block: Buckler           |    29 |    13 |    15 ||    57

Table legend:
 A = Non-vault XP
 B = Vault XP
 C = Vault XP percentage of total XP
 D = Non-vault monster count
 E = Vault monster count
 F = Vault count percentage of total count
                 A         B        C        D         E       F
            +---------+---------+-------+---------+---------+-------
      Total |    1698 |    1017 |  37.5 |      89 |      14 |  13.6
            +---------+---------+-------+---------+---------+-------
        D:1 |      26 |       1 |   3.7 |      16 |       1 |   5.9
        D:2 |      40 |      64 |  61.5 |      17 |       8 |  32.0
        D:3 |     189 |       0 |   0.0 |      19 |       0 |   0.0
        D:4 |     303 |     259 |  46.1 |      12 |       3 |  20.0
        D:5 |     424 |       0 |   0.0 |      13 |       0 |   0.0
        D:6 |     716 |     693 |  49.2 |      12 |       2 |  14.3
            +---------+---------+-------+---------+---------+-------
